 Dungeon Crawl Stone Soup version 0.30-a0-629-gd54f4be4f7 (webtiles) character file.

Game seed: 8190759984526107973

3921 kae the Transmogrifier (level 10, -1/78 HPs)
             Began as a Demonspawn Transmuter on Jan 12, 2023.
             Was an Initiate of Ru.
             Slain by Erica
             ... wielding a +2 scimitar of flaming
              (5 damage)
             ... on level 8 of the Dungeon.
             The game lasted 00:09:25 (8294 turns).

kae the Transmogrifier (Demonspawn Transmuter)      Turns: 8294, Time: 00:09:25

Health: -1/78      AC:  8    Str: 11    XL:     10   Next: 1%
Magic:  15/18      EV: 10    Int: 18    God:    Ru [......]
Gold:   1293       SH:  0    Dex: 14    Spells: 10/20 levels left

rFire   x . .      SeeInvis .      - Unarmed
rCold   + + +      Faith    +    (shield currently unavailable)
rNeg    . . .      Spirit   .    (body armour currently unavailable)
rPois   +          Reflect  .    (helmet currently unavailable)
rElec   .          Harm     .    (cloak currently unavailable)
rCorr   +          Rampage  .    (gloves currently unavailable)
Will    .....                    (boots currently unavailable)
Stlth   +                        T - amulet of faith {!P}
HPRegen 0.33/turn                P - ring of poison resistance
MPRegen 0.16/turn                R - ring of resist corrosion

@: confused, ice-form, wereblooded, slowed, very slow
A: freezing attack, amphibious, boosted hp, large, (antennae 2), demonic
guardian 2, (spiny 1), (sanguine armour 1)
a: End Transformation, Renounce Religion


You were on level 8 of the Dungeon.
You worshipped Ru.
Ru was noncommittal.
You were a creature of crystalline ice.
You visited 2 branches of the dungeon, and saw 9 of its levels.
You also visited: Sewer.

You collected 1293 gold pieces.


Innate Abilities, Weirdness & Mutations

You are a creature of crystalline ice.
You have a powerful freezing melee attack.
You are amphibious.
Your maximum health is increased.
Your armour is entirely melded.
You are incapable of wielding weapons or throwing items.
((You have a pair of antennae on your head.))
A demonic guardian rushes to your aid.
((You are partially covered in sharp spines.))
((When seriously injured, your blood forms armour. (AC +0)))


   Skills:
 - Level 1.0 Fighting
 - Level 1.7 Dodging
 + Level 6.3 Unarmed Combat
 + Level 5.9 Spellcasting
 * Level 8.3 Transmutations
 - Level 6.3 Ice Magic
 - Level 1.6 Poison Magic


You had 10 spell levels left.
You knew the following spells:

 Your Spells              Type           Power      Damage    Failure   Level
a - Beastly Appendage     Tmut           70%        N/A       1%          1
b - Wereblood             Tmut           35%        N/A       1%          2
c - Spider Form           Tmut/Pois      23%        N/A       4%          3
d - Ice Form              Ice/Tmut       31%        N/A       6%          4

Your spell library contained the following spells:

 Spells                   Type           Power      Damage    Failure   Level
 Passwall                 Tmut/Erth      16%        N/A       3%          2
 Ensorcelled Hibernation  Hex/Ice        32%        N/A       4%          2
 Apportation              Tloc           10%        N/A       12%         1
 Foxfire                  Conj/Fire      20%        2x1d5     12%         1
 Kiss of Death            Conj/Necr      20%        2d7       12%         1
 Necrotise                Necr           20%        1d5       12%         1
 Confusing Touch          Hex            5%         N/A       36%         3
 Swiftness                Air            5%         N/A       36%         3
 Vampiric Draining        Necr           5%         2d6       36%         3
 Alistair's Intoxication  Tmut/Pois      15%        N/A       41%         5
 Dispel Undead            Necr           5%         3d7       77%         4
 Freezing Cloud           Conj/Ice/Air   6%         6-21      80%         5
 Agony                    Necr           5%         N/A       98%         5
 Fireball                 Conj/Fire      2%         3d4       98%         5
 Starburst                Conj/Fire      2%         6d3       100%        6
 Ozocubu's Refrigeration  Ice            14%        4d10      100%        7

Inventory:

Missiles
 d - 84 stones
 m - 2 throwing nets {=f!f}
 n - 9 boomerangs
 u - 10 poisoned darts
Armour
 a - a +0 robe (melded)
Jewellery
 P - a ring of poison resistance (left front paw)
   (You found it on level 2 of the Dungeon)
 R - a ring of resist corrosion (right front paw)
   (You found it on level 5 of the Dungeon)
 T - an amulet of faith (around neck) {!P}
   (You found it on level 7 of the Dungeon)
Wands
 r - a wand of quicksilver (13)
   (You found it on level 6 of the Dungeon)
 s - a wand of polymorph (11)
   (You found it on level 7 of the Dungeon)
Scrolls
 e - a scroll of magic mapping {!r}
 o - 2 scrolls of teleportation {@r4}
 p - a scroll of brand weapon
 t - 4 scrolls of immolation {!r!r}
 v - a scroll of blinking {unknown}
 w - a scroll of acquirement
Potions
 b - 2 potions of lignification {!q}
 c - 3 potions of berserk rage {!q}
 f - a potion of brilliance
 g - a potion of haste {unknown}
 h - 2 potions of flight
 i - a potion of magic
 j - 3 potions of curing {@q1}
 k - 2 potions of ambrosia
 l - a potion of attraction {unknown}
 q - 2 potions of resistance {unknown}

Dungeon Overview and Level Annotations

Branches:
Dungeon (8/15) Zot: 26392  Temple (1/1) D:5 Zot: 5879   Sewer (visited)
   Lair: D:8-11

Altars:
Cheibriados
Dithmenos
Fedhas
Gozag
Kikubaaqudgha
Qazlal
Ru
Sif Muna
Trog
Uskayaw
Vehumet
Xom
Yredelemnul

Shops:
D:1 (?   D:3 [

Annotations:
D:3 3 runed translucent doors, Notanamesir's ghost, amateur OpTm
D:8 Erica

#.# #.#.#..#..# ##.#
#.#......## ..#
#.#....##### >.##
##...#.......
##.......###..#..##
...####.###.....#
#.####.#....#.##
...#####...........#..##
...KKK{Y4#.##....#.##...
....KK####.##..###.#####
....# #.....# ..# .##
......# .## ###.... .
#...... #.##..


You could see a kobold brigand, 4 kobolds and a friendly hellwing (summoned).


Message History

The splash of acid hits you! You resist. 😮 HP[-17]
You take 17 damage, and now have 44/70 hp.
MASSIVE DAMAGE!! (PAUSE)
You punch the acid dragon! You freeze the acid dragon.
You kill the acid dragon!
You have reached level 10! 😮 HP[+6]
You now have 78 max hp (+8).
You regained 6 hp, and now have 50/78 hp.
You see here an acid dragon corpse. 😮 HP[+1] MP[+1] Unknown command.
Unknown command.
You are no longer corroded.
Your transformation is almost over.
Key pressed, stopping explore.
You warm up again.
Your +0 robe unmelds from your body.
Key pressed, stopping explore.
You sense a monster nearby. 😎 HP[+14] MP[+3]
You now have 65 max hp (-13).
Your hp is fully restored (65).
Your mp is fully restored (18).
Found a stone staircase leading down. 2 kobolds come into view.
There are monsters nearby!
Casting: Ice Form (dangerous; 6% risk of failure)
Confirm with . or Enter, or press ? or * to list all spells.
You turn into a creature of crystalline ice.
Your +0 robe melds into your body.
The kobold shouts!
You hear a shout!
A kobold comes into view. It is wielding a +0 short sword.
The kobold shouts!
Erica the Fiery-Tempered comes into view.
She is wielding a +2 scimitar of flaming. 😎 HP[+13] MP[-4]
You now have 78 max hp (+13).
Your hp is fully restored (78).
You lost 4 mp, and now have 14/18 mp.
Erica casts a spell at you.
You feel yourself slow down.
A kobold brigand comes into view.
It is wielding a +0 whip and quivering poisoned darts.
A kobold comes into view. It is wielding a +0 short sword.
The kobold brigand moves out of view.
Casting: Ice Form (dangerous; 6% risk of failure)
Confirm with . or Enter, or press ? or * to list all spells.
Your blood is infused with primal strength.
The kobold shouts!
You hear a shout!
Erica casts a spell.
Erica flickers and vanishes!
Deactivating autopickup; reactivate with Ctrl-A.
A kobold comes into view. It is wielding a +0 short sword. x2
The kobold shouts!
Something hits you. Something melts you.
The kobold throws a stone.
The stone hits you. 😕 HP[-3] MP[-1]
You take 3 damage, and now have 75/78 hp.
You lost 1 mp, and now have 13/18 mp.
The kobold shouts!
You punch something! You freeze something. Something hits you!
Something melts you.
The kobold throws a stone.
You hear some strange, mumbled words.
You feel as though you will be slow longer. 😮 HP[-17]
You take 17 damage, and now have 58/78 hp.
MASSIVE DAMAGE!! (PAUSE)
You barely miss something. Something hits you but does no damage.
The kobold throws a stone.
The stone closely misses you.
You hit something but do no damage. Something completely misses you.
You closely miss something. Something hits you. Something melts you.
The kobold throws a stone.
Something completely misses you.
The kobold throws a stone.
The stone barely misses you.
Unknown command. 😮 HP[-4] MP[+1]
You take 4 damage, and now have 54/78 hp.
You punch something! You freeze something. Something hits you!
A demonic guardian appears!
Something melts you. 😮 HP[-14]
You take 14 damage, and now have 40/78 hp.
You punch something! You freeze something.
You hear some strange, mumbled words.
You are confused.
You bump into the rock wall.
Something hits you!
* * * LOW HITPOINT WARNING * * *
Something melts you!
* * * LOW HITPOINT WARNING * * *
Something hits you.
* * * LOW HITPOINT WARNING * * *
Something melts you.
* * * LOW HITPOINT WARNING * * *
😱 HP[-34]
You take 34 damage, and now have 6/78 hp.
MASSIVE DAMAGE!! (PAUSE)
You bump into the rock wall.
Something hits you.
* * * LOW HITPOINT WARNING * * *
Something melts you.
* * * LOW HITPOINT WARNING * * *
😱 HP[-2]
You take 2 damage, and now have 4/78 hp.
You bump into the rock wall.
Something hits you.
You die...

Skill      XL: |  1  2  3  4  5  6  7  8  9 |
---------------+----------------------------+-----
Transmutations | 2 3 4 5 6 8 |  8.3
Unarmed Combat | 3 4 5 6 |  6.3
Poison Magic   | 1 |  1.6
Spellcasting   | 3 4 5 |  5.9
Ice Magic      | 2 3 5 6 |  6.3
Fighting       | |  1.0
Dodging        | |  1.7

Action                   |  1- 3 |  4- 6 |  7- 9 | 10-12 || total
-------------------------+-------+-------+-------+-------++-------
Melee: Unarmed           |    88 |    38 |   398 |     6 ||   530
       Kick              |    16 |     1 |       |       ||    17
       Headbutt          |     8 |       |       |       ||     8
       Punch             |     1 |       |       |       ||     1
 Cast: Beastly Appendage |    22 |     2 |       |       ||    24
       Spider Form       |     1 |     8 |    21 |       ||    30
       Ice Form          |       |     1 |    33 |     1 ||    35
       Wereblood         |       |       |    11 |     1 ||    12
Invok: Reject Sacrifices |       |       |     1 |       ||     1
 Abil: End Transformatio |       |     1 |       |       ||     1
  Use: Scroll            |       |       |    11 |       ||    11
       Potion            |       |       |     5 |       ||     5
 Stab: Sleeping          |     1 |       |       |       ||     1
Armor: Robe              |    16 |     1 |     9 |       ||    26
       Skin              |     1 |     1 |    96 |     1 ||    99
Dodge: Dodged            |    55 |    23 |   228 |     4 ||   310

Levels and vault maps discovered:
D:1:      dpeg_arrival_boxorama, layout_rooms, serial_shops,
          nicolae_square_shop, nicolae_shop_advertising_works
          [nicolae_subvault_shop_adworks], shapermc_ecumenical_altar_ellora
D:2:      layout_loops_ring
D:3:      layout_rooms, nicolae_vehumet_altar_sigil, fedhas_altar_3,
          serial_shops, nicolae_shop_overgrown_old_shop,
          ebering_ghost_rock_garden
D:4:      layout_basic, uniq_grinder
D:5:      layout_basic, mainiacjoe_overflow_surrounded_room,
          grunt_dithmenos_smoke, minmay_temple_entry_proselytizer,
          gup_sewer_entry_spiral, saegor_snake_ambush
D:6:      layout_basic, kennysheep_orc_sif_temple
D:7:      layout_loops_ring, eat_drink_and_be_merry_uskayaw, old_standard_altar,
          minivault_25, grunt_decor_arrowhead
D:8:      layout_rooms, mainiacjoe_overflow_brackets,
          nicolae_wu_jian_wuxing_cycle, uniq_erica
Temple:   nicolae_temple_great_sept

Notes
Turn   | Place    | Note
-------+----------+-------------------------------------------
     0 | D:1      | kae the Demonspawn Transmuter began the quest for the Orb.
     0 | D:1      | Reached XP level 1. HP: 15/15 MP: 3/3
     0 | D:1      | magus.rc [v1.11.3]
   109 | D:1      | Reached skill level 2 in Transmutations
   126 | D:1      | Found Mus Juxku's Magic Scroll Boutique.
   167 | D:1      | Gained mutation: When seriously injured, your blood forms
                  | armour. (AC +0) [demonic ancestry]
   167 | D:1      | Reached XP level 2. HP: 21/21 MP: 3/5
   317 | D:1      | Found Dexorphu's Weapon Shop.
   342 | D:1      | Learned a level 2 spell: Wereblood
   372 | D:1      | You pick up a book of Touch and begin reading...
   372 | D:1      | You add the spells Kiss of Death, Confusing Touch and
                  | Dispel Undead to your library.
   415 | D:1      | Found a faded altar of an unknown god.
   671 | D:2      | Reached skill level 3 in Unarmed Combat
   809 | D:2      | Gained mutation: A weak demonic guardian rushes to your
                  | aid. [demonic ancestry]
   809 | D:2      | Reached XP level 3. HP: 26/26 MP: 4/6
   813 | D:2      | Learned a level 3 spell: Spider Form
   820 | D:2      | You add the spells Freezing Cloud and Ozocubu's
                  | Refrigeration to your library.
   820 | D:2      | Got the Octavo of the Frostbound Volley
  1097 | D:2      | You pick up a book of Necromancy and begin reading...
  1097 | D:2      | You add the spells Necrotise, Vampiric Draining and Agony
                  | to your library.
  1179 | D:2      | You fall into a shaft and drop 2 floors!
  1200 | D:4      | Noticed an ogre
  1219 | D:4      | Killed an ogre
  1220 | D:4      | Reached skill level 3 in Transmutations
  1220 | D:4      | Reached skill level 1 in Poison Magic
  1220 | D:4      | Gained mutation: You have a pair of small antennae on your
                  | head. [demonic ancestry]
  1220 | D:4      | Reached XP level 4. HP: 21/32 MP: 2/8
  1310 | D:4      | Noticed a scorpion
  1318 | D:4      | Killed a scorpion
  1319 | D:4      | Reached XP level 5. HP: 26/37 MP: 5/9
  1434 | D:4      | You pick up a book of Fire and begin reading...
  1434 | D:4      | You add the spells Foxfire, Fireball and Starburst to your
                  | library.
  1526 | D:4      | Noticed an ice beast
  1535 | D:4      | Killed an ice beast
  1536 | D:4      | Reached skill level 3 in Spellcasting
  1536 | D:4      | Reached skill level 4 in Transmutations
  1536 | D:4      | Reached XP level 6. HP: 33/43 MP: 4/10
  1639 | D:4      | Learned a level 4 spell: Ice Form
  1784 | D:4      | Reached skill level 1 in Ice Magic
  1784 | D:4      | Noticed Grinder
  1861 | D:4      | Killed Grinder
  1862 | D:4      | Reached skill level 4 in Unarmed Combat
  1862 | D:4      | Reached skill level 2 in Ice Magic
  1862 | D:4      | Gained mutation: A demonic guardian rushes to your aid.
                  | [demonic ancestry]
  1862 | D:4      | Reached XP level 7. HP: 44/48 MP: 5/12
  1929 | D:4      | You pick up a book of Party Tricks and begin reading...
  1929 | D:4      | You add the spells Apportation and Alistair's Intoxication
                  | to your library.
  2073 | D:3      | Found a runed translucent gate.
  2073 | D:3      | Found a runed translucent gate.
  2073 | D:3      | Found a runed translucent gate.
  2079 | D:3      | Noticed Notanamesir's ghost (amateur OpTm)
  2496 | D:3      | Identified a scroll of acquirement
  2496 | D:3      | Acquired 883 gold pieces
  2643 | D:3      | Found Safyrr's Antique Armour Shop.
  2769 | D:3      | Found a blossoming altar of Fedhas.
  3001 | D:3      | Found a radiant altar of Vehumet.
  3284 | D:4      | Reached skill level 5 in Transmutations
  3290 | D:4      | Reached skill level 3 in Ice Magic
  3506 | D:5      | Entered Level 5 of the Dungeon
  3647 | D:5      | Reached skill level 4 in Spellcasting
  3682 | D:5      | HP: 14/57 [poisoned by a killer bee]
  3687 | D:5      | HP: 9/57 [killer bee (4)]
  3689 | D:5      | HP: 3/57 [poisoned by a killer bee]
  3696 | D:5      | Gained mutation: You have a pair of antennae on your head.
                  | [demonic ancestry]
  3696 | D:5      | Reached XP level 8. HP: 12/54 MP: 11/14
  3724 | D:5      | HP: 15/64 [gnoll/+0 spear (4)]
  3725 | D:5      | HP: 1/54 [gnoll/+0 flail (10)]
  3860 | D:5      | Found a glowing drain.
  3864 | Sewer    | Entered a sewer
  4157 | D:5      | Found an opulent altar of Gozag.
  4264 | D:5      | Identified the +2 robe "Wiedaud" {rF+ rN+ Will+ Int-4}
  4405 | D:5      | Reached skill level 4 in Ice Magic
  4417 | D:5      | Reached skill level 6 in Transmutations
  4490 | D:5      | Reached skill level 5 in Unarmed Combat
  4561 | D:5      | Found a staircase to the Ecumenical Temple.
  4572 | Temple   | Entered the Ecumenical Temple
  4683 | Temple   | Became a worshipper of Ru the Awakened
  4726 | D:5      | Found a shadowy altar of Dithmenos.
  5393 | D:6      | You pick up a book of Changes and begin reading...
  5435 | D:6      | You pick up a book of Burglary and begin reading...
  5435 | D:6      | You add the spells Passwall, Ensorcelled Hibernation and
                  | Swiftness to your library.
  5487 | D:6      | Reached skill level 5 in Ice Magic
  5528 | D:6      | HP: 11/54 [gnoll/+0 spear (4)]
  5741 | D:6      | Gained mutation: You are partially covered in sharp spines.
                  | [demonic ancestry]
  5741 | D:6      | Reached XP level 9. HP: 59/59 MP: 11/16
  5818 | D:6      | Reached skill level 5 in Spellcasting
  5885 | D:6      | Found a shimmering blue altar of Sif Muna.
  5896 | D:6      | Reached skill level 7 in Transmutations
  6813 | D:7      | HP: 17/70 [centaur (2)]
  7117 | D:7      | Found a snail-covered altar of Cheibriados.
  7159 | D:7      | Found a hide-covered altar of Uskayaw.
  7230 | D:7      | Reached skill level 6 in Ice Magic
  7966 | D:8      | Reached skill level 6 in Unarmed Combat
  8010 | D:8      | Reached skill level 8 in Transmutations
  8121 | D:8      | Reached XP level 10. HP: 50/65 MP: 14/18
  8281 | D:8      | Noticed Erica
  8292 | D:8      | HP: 16/78 [something (10)]
  8292 | D:8      | HP: 6/78 [something (4)]
  8294 | D:8      | Slain by Erica

Vanquished Creatures
  Grinder (D:4)
  3 yaks (D:8)
  An acid dragon (D:8)
  A water moccasin (D:6)
  2 ice beasts
  2 orc warriors
  A sky beast (D:8)
  2 black bears
  2 ogres
  2 centaurs
  A phantom (D:7)
  2 kobold brigands (D:7)
  A gnoll sergeant (D:6)
  3 bullfrogs
  3 necrophages
  4 scorpions
  A killer bee (D:5)
  4 jellies
  A hound (D:5)
  4 orc priests
  A gnoll bouda (D:8)
  2 iguanas
  6 orc wizards
  A hell rat (Sewer)
  24 gnolls
  6 adders
  3 river rats
  2 white imps
  An ufetubus (D:5)
  A worm (D:5)
  3 dart slugs
  10 orcs
  7 endoplasms
  3 giant cockroaches
  4 goblins
  10 hobgoblins
  9 quokkas
  7 ball pythons
  5 bats
  4 frilled lizards
  19 kobolds
  10 rats
179 creatures vanquished.

Vanquished Creatures (collateral kills)
  3 killer bees (D:5)
  A hound (D:5)
  4 gnolls
  A river rat (D:5)
  An orc (D:8)
10 creatures vanquished.

Vanquished Creatures (others)
  5 fungi (D:3)
  4 plants (D:3)
9 creatures vanquished.

Grand Total: 198 creatures vanquished

Table legend:
 A = Non-vault XP
 B = Vault XP
 C = Vault XP percentage of total XP
 D = Non-vault monster count
 E = Vault monster count
 F = Vault count percentage of total count
                 A         B        C        D         E       F
            +---------+---------+-------+---------+---------+-------
      Total |    4935 |     667 |  11.9 |     165 |      24 |  12.7
            +---------+---------+-------+---------+---------+-------
        D:1 |      33 |       0 |   0.0 |      20 |       0 |   0.0
        D:2 |      33 |       0 |   0.0 |      19 |       0 |   0.0
        D:3 |      42 |       0 |   0.0 |      17 |       0 |   0.0
        D:4 |     846 |     267 |  24.0 |      18 |       1 |   5.3
        D:5 |     876 |      98 |  10.1 |      22 |      12 |  35.3
        D:6 |    1080 |     237 |  18.0 |      30 |       4 |  11.8
        D:7 |     967 |       0 |   0.0 |      23 |       0 |   0.0
        D:8 |    1058 |       0 |   0.0 |      16 |       0 |   0.0
      Sewer |       0 |      65 | 100.0 |       0 |       7 | 100.0
            +---------+---------+-------+---------+---------+-------

Illustrated notes

Table legend:
 A = Kills in this place as a percentage of kills in entire the game.
 B = Kills by you in this place as a percentage of kills by you in the entire game.
 C = Kills by friends in this place as a percentage of kills by friends in the entire game.
 D = Other kills in this place as a percentage of other kills in the entire game.
 E = Experience gained in this place as a percentage of experience gained in the entire game.
 F = Experience gained in this place divided by the number of levels of this place that you have seen.
                   A       B       C       D       E      F
               +-------+-------+-------+-------+-------+----------------------
         Total | 100.0 | 100.0 | 100.0 |   N/A | 100.0 | 560.2
       Dungeon |  96.3 |  96.1 | 100.0 |   N/A |  98.8 | 692.1
         Sewer |   3.7 |   3.9 |   0.0 |   N/A |   1.2 |  65.0
               +-------+-------+-------+-------+-------+----------------------

Table legend: (Time is in decaauts)
 A = Elapsed time spent in this place.
 B = Non-inter-level travel time spent in this place.
 C = Inter-level travel time spent in this place.
 D = Time resting spent in this place.
 E = Time spent auto-exploring this place.
 F = Levels seen in this place.
 G = Mean time per level.
                   A        B        C        D        E       F      G
               +--------+--------+--------+--------+--------+-----+--------+
         Total |   8301 |   8031 |    270 |     20 |   6450 |  10 |  830.1 |
       Dungeon |   7931 |   7692 |    239 |     18 |   6197 |   8 |  991.4 |
        Temple |    120 |     89 |     31 |      0 |     80 |   1 |  120.0 |
         Sewer |    249 |    249 |      0 |      2 |    172 |   1 |  249.0 |
               +--------+--------+--------+--------+--------+-----+--------+

Top non-repeatable levels by time:
     D:5: 1414 daAuts
     D:6: 1385 daAuts
     D:4: 1284 daAuts
     D:7: 1031 daAuts
     D:2: 844 daAuts
     D:3: 713 daAuts
     D:1: 652 daAuts
     D:8: 605 daAuts
   Sewer: 249 daAuts
  Temple: 120 daAuts
